 Dungeon Crawl Stone Soup version 0.28.0-49-g6dfe1f597d (webtiles) character file.

Game seed: 9945588763498899358

226 pkoi the Ruffian (level 5, -2/45 HPs)
             Began as a Demigod Gladiator on May 18, 2022.
             Succumbed to an orc priest's poison
             ... on level 3 of the Dungeon.
             The game lasted 00:04:16 (4721 turns).

pkoi the Ruffian (Demigod Gladiator)                Turns: 4721, Time: 00:04:16

Health: -2/45      AC:  7    Str: 19    XL:     5   Next: 41%
Magic:  7/7        EV: 11    Int: 10    God:
Gold:   84         SH:  5    Dex: 15    Spells: 4/4 levels left

rFire   . . .      SeeInvis .   f - +0 whip (vorpal)
rCold   . . .      Faith    .   (no shield)
rNeg    . . .      Spirit   .   i - +0 ring mail
rPois   .          Reflect  +   b - +1 helmet
rElec   .          Harm     .   (no cloak)
rCorr   .          Rampage  .   (no gloves)
Will    .....                   (no boots)
Stlth   +.........              g - amulet of reflection
HPRegen 0.15/turn               (no ring)
MPRegen 0.10/turn               (no ring)

@: lethally poisoned (-2 -> -20)
A: high MP 1, forlorn, divine attributes
a: no special abilities


You were on level 3 of the Dungeon.
You visited 1 branch of the dungeon, and saw 3 of its levels.

You collected 84 gold pieces.

Inventory:

Hand Weapons
 d - a +0 club
 e - a +0 flail
 f - a +0 vorpal whip (weapon)
Armour
 a - a +0 leather armour
 b - a +1 helmet (worn)
 i - a +0 ring mail (worn)
Jewellery
 g - an amulet of reflection (around neck)


   Skills:
 - Level 3.0 Fighting
 - Level 1.7 Throwing
 + Level 0.0 Armour
 - Level 2.6 Dodging
 * Level 5.3 Unarmed Combat


You had 4 spell levels left.
You didn't know any spells.
Your spell library contained the following spells:

 Spells                   Type           Power      Damage    Failure   Level
 Cause Fear               Hex            0%         N/A       100%        4
 Dragon Form              Tmut           0%         N/A       100%        7
 Dragon's Call            Summ           0%         N/A       100%        9


Dungeon Overview and Level Annotations

Branches:
Dungeon (3/15)

Annotations:
D:1 1 runed translucent door
D:2 Sigmund


Innate Abilities, Weirdness & Mutations

You have an increased reservoir of magic. (+10% MP)
You shall have no god before yourself.
Your divine heritage dramatically boosts your attributes as you level up.


Message History

The orc is almost dead.
You block the orc's attack.
The orc priest hits you but does no damage.
You block the orc's attack.
You hit the orc.
You kill the orc!
You block the orc priest's attack.
You barely miss the orc priest. You block the orc priest's attack.
You closely miss the orc priest.
The orc priest hits you but does no damage.
You are poisoned.
You hit the orc priest.
The orc priest is moderately wounded.
You feel very sick.
The orc priest hits you but does no damage.
You are more poisoned.
You closely miss the orc priest.
The orc priest is moderately wounded.
* * * LOW HITPOINT WARNING * * *
You feel very sick.
The orc priest hits you with a +0 dagger of venom.
* * * LOW HITPOINT WARNING * * *
You are lethally poisoned!
Throw: throwing net
Press: ? - help, Q - select action Shift-Dir - straight line, f - orc priest
Aim: an orc priest, wielding a +0 dagger of venom (moderately wounded, 59% to hit)
You throw a throwing net.
The throwing net barely misses the orc priest.
* * * LOW HITPOINT WARNING * * *
You feel very sick.
The orc priest hits you but does no damage.
You are more poisoned.
You aren't carrying any potions.
You aren't carrying any scrolls.
Unknown command.
* * * LOW HITPOINT WARNING * * *
You feel extremely sick.
* * * LOW HITPOINT WARNING * * *
You feel very sick.
You die...

#...... ..#.#.#>#
###.#.. .§§§....#
###.# .§≈≈§§≈≈≈≈.#
....#..≈.§.§§.§§§#
#####..≈.≈≈≈≈≈§≈§##
.......§.≈...≈§§.)#
..####.≈.≈._.≈.§o§#
PP#.##.≈.≈...§.§..#
.†..##.§.≈≈≈.≈.§@.#
♣P.†...≈....§..≈..#
♣♣...#.§§≈≈.§≈≈≈..#
♣♣.♣.#.....§§.§...#
...###.#####.###..#
♣.♣....# #§....##
.P♣PP..# #####.#
P..♣♣#.# #.# P. #.#
#.#


You could see an orc priest.

Vanquished Creatures
  A necrophage (D:3)
  3 gnolls
  4 adders
  A worm (D:3)
  2 dart slugs
  3 orcs
  3 endoplasms
  3 giant cockroaches (D:1)
  2 goblins
  6 hobgoblins
  7 quokkas
  4 ball pythons
  6 bats
  2 frilled lizards (D:1)
  5 kobolds
  10 rats
62 creatures vanquished.

Vanquished Creatures (others)
  69 plants (D:3)
69 creatures vanquished.

Grand Total: 131 creatures vanquished

Notes
Turn   | Place    | Note
-------+----------+-------------------------------------------
     0 | D:1      | pkoi the Demigod Gladiator began the quest for the Orb.
     0 | D:1      | Reached XP level 1. HP: 17/17 MP: 3/3
     1 | D:1      | Found a runed translucent door.
   227 | D:1      | Reached skill level 3 in Unarmed Combat
   227 | D:1      | Reached XP level 2. HP: 3/24 MP: 4/4
  1180 | D:1      | Reached XP level 3. HP: 22/29 MP: 5/5
  1445 | D:1      | Reached skill level 4 in Unarmed Combat
  2926 | D:2      | Reached XP level 4. HP: 7/36 MP: 6/6
  2931 | D:2      | HP: 1/36 [poisoned by an adder]
  3481 | D:2      | Noticed Sigmund
  4461 | D:3      | Noticed a necrophage
  4484 | D:3      | Killed a necrophage
  4485 | D:3      | Reached skill level 5 in Unarmed Combat
  4485 | D:3      | Reached XP level 5. HP: 34/44 MP: 7/7
  4720 | D:3      | HP: 2/45 [poisoned by an orc priest]
  4721 | D:3      | Succumbed to an orc priest's poison

Illustrated notes

Levels and vault maps discovered:
D:1:      dpeg_arrival_caged_fury, layout_loops_ring
D:2:      layout_rooms, basic_altar, minmay_pentomino_pile, uniq_sigmund
D:3:      wad_woods_stonehenge, layout_basic,
          mainiacjoe_overflow_concentric_impassable,
          hellmonk_ecumenical_altar_leap_of_faith, kennysheep_minor_cross,
          glass_columns_b

Skill      XL: |  1  2  3  4  5 |
---------------+----------------+-----
Unarmed Combat | 3 4 5 |  5.3
Fighting       | 2 3 |  3.0
Throwing       | |  1.7
Dodging        | |  2.6

Action                   |  1- 3 |  4- 6 || total
-------------------------+-------+-------++-------
Melee: Unarmed           |    19 |       ||    19
       Punch             |     8 |     1 ||     9
       Whip              |   115 |   124 ||   239
       Flail             |    26 |       ||    26
Throw: Throwing net      |     1 |     2 ||     3
  Use: Scroll            |     4 |     2 ||     6
       Potion            |       |     3 ||     3
 Stab: Sleeping          |     2 |       ||     2
       Held in net/web   |       |     1 ||     1
Armor: Leather armour    |    49 |       ||    49
       Ring mail         |       |    49 ||    49
Dodge: Dodged            |   113 |    65 ||   178
Block: Other             |    23 |    27 ||    50
       Reflection        |     3 |       ||     3
